Map: Dusk Towers

Players

Pokebunny

  • Race: Terran Terran
  • League: Grandmaster

Haste - Winner!

  • Race: Terran Terran
  • League: Master

VOD

Have the link to the VOD?

Description

Time

  • Played on: April 5, 2016, 11:40 p.m.
  • Length: 11:39
Show
View Real Time Build Order
Export as new Build Order

Pokebunny Terran 

Build Orders: 1/1/1, Bio Tank 

Get SALT Encoding   

  12  0:01  SCV  
  13  0:13  SCV  
  14  0:17  Supply Depot  
  14  0:25  SCV  
  15  0:31  Refinery  
  15  0:39  SCV  
  16  0:44  Barracks  
  16  0:51  SCV  
  17  1:03  SCV  
  18  1:15  SCV  
  19  1:31  Orbital Command  
  19  1:32  Marine  
  19  1:35  Factory  
  19  1:37  Supply Depot  
  20  1:50  Marine  
  21  1:57  SCV  
  22  2:10  Command Center  
  22  2:13  SCV  
  23  2:16  Marine  
  24  2:25  Starport  
  24  2:27  SCV  
  25  2:34  Marine  
  25  2:37  Hellion  
  28  2:41  Supply Depot  
  28  2:44  SCV  
  29  2:51  Refinery, Marine  
  29  2:58  SCV  
  31  3:02  Widow Mine, Medivac  
  35  3:09  Marine  
  35  3:10  SCV  
  37  3:18  Barracks  
  37  3:23  SCV  
  38  3:32  Factory Tech Lab, Barracks Tech Lab  
  38  3:43  Viking, Engineering Bay  
  40  3:53  Marine  
  40  3:58  SCV  
  38  4:10  Orbital Command  
  38  4:11  SCV  
  38  4:13  Marine, Stimpack  
  38  4:23  SCV  
  37  4:29  Barracks Reactor, Missile Turret  
  37  4:34  Starport Reactor  
  37  4:37  Marine  
  38  4:45  Missile Turret  
  36  4:52  Siege Tank  
  39  5:05  SCV x2  
  38  5:15  Marine x2  
  38  5:16  Marine  
  41  5:24  Siege Tank  
  44  5:32  SCV x2  
  46  5:41  Marine x3  
  49  5:44  Medivac  
  49  5:49  Medivac  
  53  5:55  Supply Depot  
  53  6:01  Marine  
  53  6:02  Marine  
  54  6:17  Siege Tank, Marine  
  55  6:21  SCV  
  55  6:22  SCV  
  55  6:24  Marine x2  
  59  6:27  Medivac  
  59  6:30  Supply Depot  
  59  6:32  Supply Depot  
  61  6:34  Marine  
  61  6:37  Terran Infantry Weapons Level 1  
  62  6:51  Marine x2  
  62  6:52  Marine, SCV x2  
  64  7:04  SCV x2  
  64  7:07  Siege Tank  
  67  7:20  Command Center  
  67  7:29  Marine x3  
  70  7:31  Medivac  
  73  7:37  SCV  
  73  7:38  Refinery, SCV  
  73  7:43  Combat Shields  
  74  7:50  Barracks  
  72  8:08  Marine  
  72  8:09  Marine x2  
  72  8:10  Siege Tank  
  78  8:13  Supply Depot  
  78  8:15  Supply Depot  
  78  8:31  Marine x2  
  78  8:32  Marine  
  54  8:43  Siege Tank, Medivac  
  54  8:47  SCV x2  
  54  8:48  Orbital Command  
  61  8:49  Marine x3  
  64  8:56  Barracks Reactor  
  64  8:59  SCV x2  
  64  9:01  Terran Infantry Armor Level 1  
  66  9:07  Marine  
  66  9:09  Marine x2  
  69  9:15  SCV x2  
  69  9:16  Barracks, SCV  
  71  9:21  Siege Tank  
  74  9:27  SCV x2  
  74  9:28  SCV  
  74  9:29  Marine x3  
  80  9:37  Medivac  
  80  9:38  Medivac  
  84  9:40  Marine x2  
  86  9:45  SCV x2  
  86  9:46  SCV  
  70  10:01  Marine x4  
  70  10:02  Marine  
  70  10:03  Siege Tank  
  70  10:05  Barracks Reactor  
  67  10:19  Marine x4  
  47  10:29  Marine  
  46  10:37  Marine x3  
  46  10:38  Marine  
  46  10:41  SCV  
  46  10:42  Marine, SCV  
  48  10:43  Marine  
  48  10:45  Siege Tank, Medivac x2  
  48  10:47  Marine  
  58  10:50  Barracks  
  58  10:51  Barracks, Refinery  
  58  10:53  SCV  
  58  10:54  Marine, SCV  
  58  10:55  Marine x2  
  60  11:05  Marine x2  
  60  11:06  Marine x2  
  64  11:12  Marine  
  59  11:19  Marine x2  
Show
View Real Time Build Order
Export as new Build Order

Haste Terran - Winner!

Build Orders: 1/1/1, Bio Tank, Banshee Rush 

Get SALT Encoding   

  12  0:00  SCV  
  13  0:12  SCV  
  14  0:17  Supply Depot  
  14  0:24  SCV  
  15  0:29  Refinery  
  15  0:38  SCV  
  16  0:45  Barracks  
  16  0:51  SCV  
  17  1:03  SCV  
  18  1:10  Refinery  
  18  1:15  SCV  
  19  1:34  Orbital Command  
  19  1:35  Factory  
  19  1:45  Reaper  
  20  2:00  SCV  
  21  2:01  Supply Depot  
  22  2:17  Reaper  
  22  2:21  Starport  
  22  2:22  SCV  
  23  2:23  Hellion  
  25  2:39  Supply Depot, SCV  
  26  2:45  Hellion  
  26  2:49  Barracks Tech Lab  
  28  2:53  SCV  
  29  3:06  Hellion  
  29  3:07  SCV  
  32  3:16  Banshee, Cloaking Field  
  32  3:18  Marine  
  36  3:24  Supply Depot  
  36  3:28  Hellion  
  38  3:36  SCV  
  39  3:46  Marine  
  38  3:58  Hellion  
  39  4:12  SCV  
  39  4:17  Command Center  
  37  4:24  SCV  
  37  4:25  Factory Reactor  
  37  4:29  Barracks Tech Lab  
  38  4:36  SCV  
  39  4:41  Barracks x2  
  39  4:57  SCV  
  37  5:09  SCV  
  36  5:21  SCV  
  35  5:30  Orbital Command, Factory  
  35  5:31  Barracks  
  35  5:33  Barracks  
  35  5:34  SCV  
  36  5:39  Siege Tank, Stimpack  
  39  5:42  Barracks Reactor  
  39  5:46  SCV  
  39  5:49  Engineering Bay  
  40  5:58  SCV  
  40  6:02  SCV  
  42  6:04  Refinery  
  42  6:05  Refinery  
  42  6:06  Barracks Reactor  
  42  6:10  SCV  
  43  6:18  Viking x2  
  47  6:19  Factory Tech Lab  
  47  6:20  Siege Tank  
  47  6:23  SCV x2  
  49  6:26  Marine  
  49  6:27  Marine x2  
  49  6:30  Marine x2  
  54  6:37  SCV x2  
  56  6:41  Siege Tank  
  56  6:43  Marine x2  
  61  7:04  Marine  
  61  7:08  Supply Depot x3  
  62  7:10  Terran Infantry Weapons Level 1  
  62  7:13  Barracks Reactor x2  
  62  7:29  Siege Tank, Marine x3, SCV x2  
  70  7:32  Medivac x2  
  70  7:33  Siege Tank  
  77  7:41  SCV x2  
  79  7:45  Command Center  
  79  7:46  Supply Depot  
  79  7:54  Marine x6  
  79  7:57  Marine  
  86  8:07  Marine x2  
  86  8:11  Marine  
  86  8:12  SCV x2  
  91  8:18  Marine x3  
  94  8:21  Combat Shields  
  94  8:24  Marine  
  94  8:25  Marine  
  94  8:26  Marine x2  
  69  8:42  Marine x3  
  69  8:43  Marine x4  
  69  8:47  Siege Tank x2, Marine  
  69  8:48  Marine  
  84  9:00  Marine x4  
  88  9:06  SCV x2  
  88  9:07  Terran Infantry Armor Level 1  
  90  9:15  Medivac x2  
  94  9:17  Marine x4  
  94  9:20  Supply Depot  
  98  9:25  Missile Turret  
  98  9:26  SCV x2  
  100  9:35  Marine  
  100  9:36  Marine x4  
  92  10:15  Marine x8  
  92  10:16  Siege Tank x2, Medivac x2  
  91  10:41  Marine x4  
  91  10:42  Marine x5  
  98  10:46  Orbital Command  
  98  10:47  SCV x2  
  100  10:55  Barracks  
  100  10:57  Barracks  
  100  11:07  Marine x4  
  100  11:08  Marine x5  
  100  11:11  SCV x2  
Tags
 
Add a new tag
Caveats
  • Supply blocks, unpowered buildings, or Contaminate may cause inaccurate times.
  • Supply counts are checked every 10 seconds.